[Event "Titled Tuesday Blitz August 1 Late 2023"]
[White "KrokerGuy"]
[Black "Sun, Rick"]
[BlackFideId "30909481"]
[WhiteElo "2441"]
[BlackElo "2631"]
[Result "1/2-1/2"]
[Round "5"]
[TimeControl "180+1"]
[Date "2023.08.01"]
[WhiteClock "0:00:03"]
[BlackClock "0:00:01"]
[Board "57"]

1. e4 e5 2. Nf3 Nc6 3. d4 exd4 4. Nxd4 Bc5 5. Nxc6 Qf6 6. Qf3 Qxf3 7. gxf3 bxc6 8. h4 h5 9. Rg1 g6 10. Nc3 Rb8 11. b3 Bd4 12. Bb2 Bf6 13. Na4 d6 14. Bc4 Ke7 15. Ke2 Be6 16. Bxe6 Kxe6 17. Rad1 Ne7 18. f4 Rhe8 19. Bxf6 Kxf6 20. f3 Rb5 21. Nb2 Nd5 22. c4 Nc3+ 23. Kd3 Nxd1 24. cxb5 Nxb2+ 25. Kc3 cxb5 26. Kxb2 Rc8 27. Rg5 c6 28. Kc3 Ke6 29. Kb4 Rc7 30. Ka5 Kf6 31. Kb4 Kg7 32. Ka5 f6 33. Rg1 Kf7 34. Rd1 Ke6 35. Kb4 Rd7 36. Rg1 Kf7 37. Rc1 Rc7 38. Rd1 Ke6 39. Rg1 Rg7 40. Ka5 d5 41. Rb1 dxe4 42. fxe4 g5 43. fxg5 fxg5 44. hxg5 Rxg5 45. Ka6 Ke5 46. Kxa7 Kxe4 47. Kb6 b4 48. Kxc6 h4 49. Rh1 Rh5 50. Rh3 Kf4 51. a4 bxa3 52. b4 a2 53. Ra3 h3 54. Rxa2 h2 55. Ra1 h1=Q+ 56. Rxh1 Rxh1 57. b5 Rc1+ 58. Kd5 Rd1+ 59. Kc6 Ke5 60. b6 Rc1+ 61. Kd7 Rb1 62. Kc7 Rc1+ 63. Kd7 Rd1+ 64. Kc7 Rc1+ 65. Kd7 1/2-1/2


[Site "https://www.chess.com"]

[Event "Titled Tuesday Blitz August 1 Late 2023"]
[White "Ovchinnikov, Vsevolod"]
[Black "FuenfgegenWilly"]
[WhiteFideId "24176842"]
[WhiteElo "2622"]
[BlackElo "2439"]
[Result "1-0"]
[Round "5"]
[TimeControl "180+1"]
[Date "2023.08.01"]
[WhiteClock "0:00:28"]
[BlackClock "0:00:44"]
[Board "58"]

1. d4 d5 2. c4 e5 3. dxe5 d4 4. Nf3 Nc6 5. g3 Nge7 6. Bg2 Ng6 7. Bg5 Be7 8. Bxe7 Qxe7 9. O-O Ngxe5 10. Nxd4 O-O 11. Nxc6 bxc6 12. Qc2 Rb8 13. b3 c5 14. Nc3 c6 15. Rad1 Qf6 16. Rd2 Bf5 17. e4 Bg4 18. f4 Ng6 19. h3 Bc8 20. Rfd1 Qe7 21. Qd3 Bb7 22. Qd6 Rfe8 23. Qxe7 Nxe7 24. Na4 Rbc8 25. Rd7 Ba8 26. Rxa7 h5 27. Rdd7 Ng6 28. Rxf7 Rcd8 29. Rxg7+ Kh8 30. Rxg6 h4 31. Rh6+ Kg8 32. Rxh4 Rd1+ 33. Kh2 Rd2 34. f5 Bb7 35. Rxb7 Red8 36. f6 Rf8 37. Rg7# 1-0


[Site "https://www.chess.com"]

[Event "Titled Tuesday Blitz August 1 Late 2023"]
[White "Reprintsev, Alexander"]
[Black "Ibadov, Dashgyn"]
[WhiteFideId "14100541"]
[BlackFideId "24107514"]
[WhiteElo "2435"]
[BlackElo "2581"]
[Result "0-1"]
[Round "5"]
[TimeControl "180+1"]
[Date "2023.08.01"]
[WhiteClock "0:00:00"]
[BlackClock "0:00:22"]
[Board "59"]

1. e4 e6 2. d4 d5 3. Nc3 Nf6 4. Bg5 Be7 5. e5 Nfd7 6. h4 h6 7. Bxe7 Qxe7 8. f4 a6 9. Nf3 c5 10. Qd2 Nc6 11. O-O-O b5 12. dxc5 Nxc5 13. Nd4 Nxd4 14. Qxd4 b4 15. Ne2 a5 16. Qe3 Ba6 17. Nd4 Bxf1 18. Rdxf1 Rc8 19. f5 Ne4 20. g4 exf5 21. Rxf5 O-O 22. Rhf1 a4 23. g5 h5 24. Qf4 b3 25. axb3 axb3 26. c3 Qa7 27. Nxb3 Nxc3 28. bxc3 Qa3+ 29. Kc2 Qa2+ 30. Kd3 Qxb3 31. Qb4 Qa2 32. e6 Qa6+ 33. Ke3 Qxe6+ 34. Kd2 Rb8 35. Qa3 d4 36. cxd4 Rb3 37. Qc5 Qe3+ 38. Kd1 Rd3+ 39. Kc2 Qd2+ 40. Kb1 Rb3+ 0-1


[Site "https://www.chess.com"]

[Event "Titled Tuesday Blitz August 1 Late 2023"]
[White "Vifleemskaia, Svetlana"]
[Black "Karwowski, Kacper"]
[WhiteFideId "4129490"]
[BlackFideId "1126032"]
[WhiteElo "2384"]
[BlackElo "2562"]
[Result "1/2-1/2"]
[Round "5"]
[TimeControl "180+1"]
[Date "2023.08.01"]
[WhiteClock "0:01:27"]
[BlackClock "0:01:03"]
[Board "60"]

1. d4 d5 2. c4 e6 3. Nc3 a6 4. cxd5 exd5 5. Nf3 Nf6 6. Bg5 Be6 7. e3 Nbd7 8. Bd3 c6 9. h3 Bd6 10. O-O O-O 11. a3 Qc7 12. b4 h6 13. Bxf6 Nxf6 14. Na4 b5 15. Nc5 Bxc5 16. dxc5 a5 17. Nd4 axb4 18. axb4 Bd7 19. Qc2 Qb7 20. Nb3 Rxa1 21. Rxa1 Ra8 22. Rxa8+ Qxa8 23. Na5 Qe8 24. Qc3 Qe6 25. Qd4 g6 26. Qf4 Kg7 27. Qd4 Kg8 28. Qf4 Kg7 29. Qd4 Kg8 1/2-1/2


[Site "https://www.chess.com"]

[Event "Titled Tuesday Blitz August 1 Late 2023"]
[White "Santos Flores, Alberto"]
[Black "Kula, Robert"]
[WhiteFideId "3601234"]
[BlackFideId "1101218"]
[WhiteElo "2558"]
[BlackElo "2261"]
[Result "1/2-1/2"]
[Round "5"]
[TimeControl "180+1"]
[Date "2023.08.01"]
[WhiteClock "0:00:16"]
[BlackClock "0:00:08"]
[Board "61"]

1. e4 c5 2. Nf3 Nc6 3. Nc3 g6 4. d4 cxd4 5. Nxd4 Bg7 6. Be3 d6 7. Qd2 Nf6 8. f3 O-O 9. Bc4 Bd7 10. h4 Rc8 11. Bb3 h5 12. O-O-O Ne5 13. Bg5 Nc4 14. Qe2 Na5 15. g4 Nxb3+ 16. Nxb3 hxg4 17. f4 Be6 18. Nd4 Bc4 19. Qg2 Nh5 20. Qxg4 Qb6 21. Nb3 Bxb3 22. axb3 Rxc3 23. bxc3 Qe3+ 24. Kb1 Qxc3 25. e5 dxe5 26. Rh3 Qa5 27. fxe5 Qxe5 28. c3 Qb5 29. Kb2 a5 30. Qc4 Qf5 31. Rhd3 Nf6 32. Rd8 Rxd8 33. Rxd8+ Kh7 34. Rd2 e6 35. Bxf6 Bxf6 36. Qd3 Qe5 37. Rf2 Kg7 38. h5 Qxh5 39. Qf3 Qe5 40. Re2 Qc5 41. Rf2 Qe5 42. Re2 Qc5 43. Rf2 Qe5 1/2-1/2


[Site "https://www.chess.com"]

[Event "Titled Tuesday Blitz August 1 Late 2023"]
[White "Peycheva, Gergana"]
[Black "Akbas, Umut Ata"]
[WhiteFideId "2916711"]
[BlackFideId "44572646"]
[WhiteElo "2484"]
[BlackElo "2802"]
[Result "1-0"]
[Round "5"]
[TimeControl "180+1"]
[Date "2023.08.01"]
[WhiteClock "0:00:18"]
[BlackClock "0:00:13"]
[Board "62"]

1. d4 Nf6 2. c4 e6 3. Nc3 d5 4. cxd5 exd5 5. Bg5 c6 6. e3 Bf5 7. Bd3 Bxd3 8. Qxd3 Nbd7 9. Nge2 h6 10. Bh4 Bd6 11. Bg3 Qe7 12. O-O O-O 13. Bxd6 Qxd6 14. Ng3 Rfe8 15. Rfe1 h5 16. e4 dxe4 17. Ncxe4 Nxe4 18. Nxe4 Qg6 19. Qf3 Rad8 20. h3 Re6 21. Ng3 Rxe1+ 22. Rxe1 Nf6 23. Nf5 Kh7 24. Re5 Rd5 25. Ne7 Qb1+ 26. Kh2 Qxb2 27. Nxd5 cxd5 28. Qf5+ Kg8 29. Re7 Qb6 30. Qc8+ Kh7 31. Rxf7 Qxd4 32. Qf5+ Kh6 33. Rxb7 Qc5 34. Qf4+ Kh7 35. Qxf6 1-0


[Site "https://www.chess.com"]

[Event "Titled Tuesday Blitz August 1 Late 2023"]
[White "Papasimakopoulos, Alexandros"]
[Black "Grossboss19"]
[WhiteFideId "4244125"]
[WhiteElo "2689"]
[BlackElo "2481"]
[Result "0-1"]
[Round "5"]
[TimeControl "180+1"]
[Date "2023.08.01"]
[WhiteClock "0:00:22"]
[BlackClock "0:00:08"]
[Board "63"]

1. d4 Nf6 2. c4 c6 3. Nc3 d5 4. cxd5 cxd5 5. Bf4 Bf5 6. e3 e6 7. Qb3 Qb6 8. Qxb6 axb6 9. Nf3 Bb4 10. Bb5+ Nc6 11. Ne5 Rc8 12. O-O Bxc3 13. bxc3 O-O 14. Rfc1 Nxe5 15. Bxe5 Ne4 16. c4 f6 17. Bf4 g5 18. Bg3 Nxg3 19. hxg3 Kf7 20. cxd5 exd5 21. f3 Ke7 22. g4 Bg6 23. Kf2 Kd6 24. Ke2 Ra8 25. a4 Rfc8 26. Kd2 h5 27. gxh5 Bxh5 28. g4 Bg6 29. Bd3 Rxc1 30. Rxc1 Bxd3 31. Kxd3 Rxa4 32. Rc8 Ra3+ 33. Kd2 Ra2+ 34. Kd3 Rf2 35. f4 gxf4 36. exf4 Rf3+ 37. Kd2 Rxf4 38. Kc3 Rxg4 39. Rd8+ Ke6 40. Rb8 Rg3+ 41. Kd2 Kf5 42. Rxb7 Ke4 43. Rxb6 f5 44. Rf6 f4 45. Ke2 Rg2+ 46. Kf1 Rd2 47. Re6+ Kxd4 48. Ke1 Ra2 49. Re8 Kd3 50. Rf8 Ke3 51. Re8+ Kf3 52. Rd8 Ra1+ 53. Kd2 Ra5 54. Ke1 Rb5 55. Rd7 Ke3 56. Re7+ Kf3 57. Rd7 Rb1+ 58. Kd2 Rb2+ 59. Ke1 Re2+ 60. Kf1 Re5 61. Rd8 Ke3 62. Rd7 d4 63. Ke1 Rh5 64. Re7+ Kd3 65. Kf2 Rh1 66. Rf7 Rh2+ 67. Kf3 Rh4 68. Rd7 Kc3 69. Ke4 f3+ 70. Kxf3 Kd2 71. Kg3 Re4 72. Kf3 Re3+ 73. Kf2 d3 74. Ra7 Re2+ 75. Kf3 Re5 76. Kf2 Rf5+ 77. Kg2 Rc5 78. Kf2 Kd1 79. Ra1+ Rc1 80. Ra2 d2 81. Ke3 Rc3+ 82. Kf2 Rc5 83. Ke3 Rc3+ 84. Kf2 Rc8 85. Ke3 Re8+ 86. Kf2 Kc1 87. Ra1+ Kc2 88. Ra2+ Kc1 89. Ra1+ Kb2 90. Re1 dxe1=Q+ 0-1


[Site "https://www.chess.com"]

[Event "Titled Tuesday Blitz August 1 Late 2023"]
[White "Klukin, Kirill"]
[Black "ArchibaldCerveza29"]
[WhiteFideId "24199273"]
[WhiteElo "2676"]
[BlackElo "2480"]
[Result "1-0"]
[Round "5"]
[TimeControl "180+1"]
[Date "2023.08.01"]
[WhiteClock "0:00:12"]
[BlackClock "0:00:04"]
[Board "64"]

1. g4 d5 2. Bg2 c6 3. g5 h6 4. h4 hxg5 5. hxg5 Rxh1 6. Bxh1 e5 7. d4 Nd7 8. e4 Be7 9. exd5 cxd5 10. Bxd5 Nb6 11. Bb3 Qxd4 12. Qf3 Be6 13. Bxe6 fxe6 14. Qh5+ Kd7 15. Ne2 Qe4 16. Nc3 Qxc2 17. Be3 Rd8 18. Rd1+ Nd5 19. Qg4 Kc7 20. Rc1 Nxe3 21. fxe3 Qd2+ 22. Kf2 Kb8 23. Qxe6 Rf8+ 24. Kg2 Bc5 25. Qxe5+ Bd6 26. Qe4 Bc7 27. Rd1 Qxb2 28. Rd3 Qb6 29. Qg4 Qc6+ 30. Nd5 Ne7 31. e4 Nxd5 32. exd5 Qd6 33. Ng3 Qa6 34. Qe4 Qxa2+ 35. Qe2 Qxe2+ 36. Nxe2 Bd6 37. Nc3 a6 38. Ne4 Kc7 39. Rc3+ Kd7 40. Kh3 b5 41. Rc6 Rf3+ 42. Kg2 Re3 43. Rxd6+ Kc7 44. Rc6+ Kd8 45. Nc5 Re2+ 46. Kf3 Rd2 47. Ke4 b4 48. Rxa6 Rc2 49. Nd3 b3 50. Rb6 Rc4+ 51. Ke5 Rc3 52. Nf4 Re3+ 53. Kd6 Kc8 54. Ne6 g6 55. Nf4 Rf3 56. Nxg6 b2 57. Ne7+ Kd8 58. Rb8# 1-0


[Site "https://www.chess.com"]

[Event "Titled Tuesday Blitz August 1 Late 2023"]
[White "Tifferet, Shaked"]
[Black "Goltsev, Dmitry"]
[WhiteFideId "2811529"]
[BlackFideId "24176710"]
[WhiteElo "2478"]
[BlackElo "2653"]
[Result "0-1"]
[Round "5"]
[TimeControl "180+1"]
[Date "2023.08.01"]
[WhiteClock "0:00:00"]
[BlackClock "0:00:29"]
[Board "65"]

1. d4 Nf6 2. Nc3 e6 3. Bg5 d5 4. e4 dxe4 5. Nxe4 Be7 6. Bxf6 gxf6 7. Nf3 f5 8. Ned2 a6 9. g3 b5 10. Bg2 Bb7 11. O-O Nd7 12. c3 c5 13. Re1 Nf6 14. dxc5 Bxc5 15. Nb3 Bb6 16. Nbd4 Ne4 17. a4 h5 18. axb5 axb5 19. Qb3 Rxa1 20. Rxa1 Qd5 21. Qxd5 Bxd5 22. Ne5 Ke7 23. Nec6+ Bxc6 24. Nxc6+ Kd6 25. Bxe4 fxe4 26. Nd4 Bxd4 27. Rd1 e5 28. cxd4 Rc8 29. dxe5+ Kxe5 30. Rd2 b4 31. Re2 b3 32. Re3 Rb8 33. f3 f5 34. Kf2 Kd4 35. Ke2 Rc8 36. Rxb3 Rc2+ 37. Kd1 Rxh2 38. fxe4 fxe4 39. Rc3 Rxb2 40. Rc8 Rg2 41. Rg8 Ke3 42. Rg5 Rg1+ 43. Kc2 Ke2 44. Rxh5 Rxg3 45. Re5 e3 46. Rh5 Kf2 47. Rh2+ Rg2 48. Rh8 e2 49. Rf8+ Ke1 50. Kd3 Kd1 51. Ra8 Rg3+ 52. Kd4 e1=Q 53. Ra1+ Ke2 54. Ra2+ Qd2+ 55. Rxd2+ Kxd2 0-1


[Site "https://www.chess.com"]

[Event "Titled Tuesday Blitz August 1 Late 2023"]
[White "Gundam, Rohit"]
[Black "Haydon, David L"]
[WhiteFideId "75002809"]
[BlackFideId "415405"]
[WhiteElo "2469"]
[BlackElo "2646"]
[Result "0-1"]
[Round "5"]
[TimeControl "180+1"]
[Date "2023.08.01"]
[WhiteClock "0:00:00"]
[BlackClock "0:01:02"]
[Board "66"]

1. d4 c6 2. Nf3 d5 3. c4 Nf6 4. Nc3 e6 5. e3 Bd6 6. Qc2 Qe7 7. Bd3 dxc4 8. Bxc4 Nbd7 9. O-O O-O 10. h3 e5 11. Bb3 a5 12. Bd2 b5 13. Ne4 a4 14. Qxc6 Ra6 15. Nxf6+ Nxf6 16. Qxb5 axb3 17. Qxb3 e4 18. Ne5 Be6 19. Qb5 Rxa2 20. Rxa2 Bxa2 21. Ra1 Bd5 22. Bc3 Rb8 23. Qe2 h6 24. Ra6 Qc7 25. Qd1 Rd8 26. Qa4 Rb8 27. Ra7 Rb7 28. Ra8+ Rb8 29. Ra5 Qb7 30. Ra7 Qb5 31. Qa1 Bb4 32. Bxb4 Qxb4 33. Qa6 Qxb2 34. Qd6 Rc8 35. Kh2 Qxf2 36. Rb7 Bxb7 0-1


[Site "https://www.chess.com"]

[Event "Titled Tuesday Blitz August 1 Late 2023"]
[White "Gaal, Zsoka"]
[Black "Goldin, Alexander"]
[WhiteFideId "777765"]
[BlackFideId "2019540"]
[WhiteElo "2466"]
[BlackElo "2601"]
[Result "0-1"]
[Round "5"]
[TimeControl "180+1"]
[Date "2023.08.01"]
[WhiteClock "0:00:09"]
[BlackClock "0:00:23"]
[Board "68"]

1. Nf3 d5 2. g3 g6 3. Bg2 Bg7 4. d4 Nf6 5. O-O O-O 6. b3 c5 7. Bb2 cxd4 8. Nxd4 e5 9. Nf3 e4 10. Nd4 Nc6 11. Nd2 Qe7 12. a4 Re8 13. a5 e3 14. N2f3 exf2+ 15. Rxf2 Ng4 16. Nxc6 bxc6 17. Bxg7 Nxf2 18. Qd4 Ne4 19. Rf1 f6 20. Bh6 Ba6 21. c4 Rad8 22. Nd2 dxc4 23. Qxe4 Qc5+ 24. Kh1 Rxe4 25. Nxe4 Qe7 26. Nxf6+ Kh8 27. bxc4 Bxc4 28. Bg5 Qxe2 29. Ne4 Rd1 30. Bf6+ Kg8 0-1


[Site "https://www.chess.com"]

[Event "Titled Tuesday Blitz August 1 Late 2023"]
[White "Manukyan, Sargis V."]
[Black "Tworuszka, Michal"]
[WhiteFideId "13303465"]
[BlackFideId "1117858"]
[WhiteElo "2596"]
[BlackElo "2461"]
[Result "0-1"]
[Round "5"]
[TimeControl "180+1"]
[Date "2023.08.01"]
[WhiteClock "0:00:17"]
[BlackClock "0:00:19"]
[Board "69"]

1. d4 d5 2. c4 c6 3. Nc3 Nf6 4. Nf3 e6 5. e3 Nbd7 6. Qc2 Bd6 7. Bd3 O-O 8. O-O dxc4 9. Bxc4 b5 10. Be2 Bb7 11. Rd1 Qc7 12. e4 e5 13. Bg5 exd4 14. Rxd4 Ne5 15. Bxf6 Nxf3+ 16. Bxf3 gxf6 17. g3 Rfd8 18. Rad1 Be5 19. Rxd8+ Rxd8 20. Bg4 Rxd1+ 21. Qxd1 Qd6 22. Qe2 Qc5 23. Bf5 b4 24. Nd1 Qc1 25. Kg2 c5 26. b3 c4 27. bxc4 Ba6 28. Ne3 Bd4 29. Qg4+ Kf8 30. Nd5 Bxc4 31. Bxh7 Qf1+ 32. Kf3 Qxf2# 0-1


[Site "https://www.chess.com"]

[Event "Titled Tuesday Blitz August 1 Late 2023"]
[White "Jimenez Almeida, Luis David"]
[Black "Rios Escobar, Adan"]
[WhiteFideId "22242244"]
[BlackFideId "3403645"]
[WhiteElo "2591"]
[BlackElo "2458"]
[Result "1-0"]
[Round "5"]
[TimeControl "180+1"]
[Date "2023.08.01"]
[WhiteClock "0:00:33"]
[BlackClock "0:00:00"]
[Board "70"]

1. e4 c5 2. Nc3 d6 3. Nge2 Nf6 4. d4 cxd4 5. Nxd4 a6 6. Bg5 Nbd7 7. f4 g6 8. Qf3 Bg7 9. O-O-O O-O 10. g4 e5 11. Nde2 Qc7 12. h3 b5 13. f5 Bb7 14. Bg2 Rac8 15. Rd2 b4 16. Nd5 Bxd5 17. exd5 Nc5 18. Kb1 Nfe4 19. f6 Nxg5 20. Qe3 Bxf6 21. h4 h6 22. Ng3 Nh7 23. Rf2 Bg7 24. g5 h5 25. Bh3 Rb8 26. Nxh5 gxh5 27. Qe2 Na4 28. Qxh5 Nc3+ 29. Ka1 Qa5 30. bxc3 e4 31. Rf6 bxc3 32. Bf5 Nxf6 33. gxf6 1-0


[Site "https://www.chess.com"]

[Event "Titled Tuesday Blitz August 1 Late 2023"]
[White "Suder, Jakub"]
[Black "Lehtosaari, Mauri"]
[WhiteFideId "1195310"]
[BlackFideId "501999"]
[WhiteElo "2572"]
[BlackElo "2453"]
[Result "1-0"]
[Round "5"]
[TimeControl "180+1"]
[Date "2023.08.01"]
[WhiteClock "0:00:07"]
[BlackClock "0:00:01"]
[Board "71"]

1. d4 d5 2. c4 c6 3. cxd5 cxd5 4. Bf4 Nc6 5. e3 Nf6 6. Nc3 a6 7. Nf3 Bg4 8. Be2 e6 9. O-O Bd6 10. Bxd6 Qxd6 11. h3 Bxf3 12. Bxf3 O-O 13. Rc1 b5 14. Ne2 Rac8 15. Nf4 Na5 16. Nd3 Ne4 17. Bxe4 dxe4 18. Nc5 Qd5 19. b3 Qc6 20. Qd2 Nb7 21. Nxb7 Qxb7 22. Qa5 h6 23. Qb4 Rxc1 24. Rxc1 Rc8 25. Rc5 Ra8 26. a4 Rb8 27. a5 g6 28. Qc3 Rf8 29. Rc6 Ra8 30. Qc5 Qd7 31. Rc7 Qd8 32. Qc6 h5 33. Qb7 Rb8 34. Qc6 Ra8 35. Kf1 h4 36. Ke2 Rb8 37. Rd7 Qe8 38. Rd6 Rc8 39. Qxe8+ Rxe8 40. Rxa6 Rc8 41. Kd2 b4 42. Rb6 Ra8 43. a6 Kg7 44. f3 f5 45. fxe4 fxe4 46. Rxe6 Rf8 47. Rxe4 Rf2+ 48. Kd3 Rxg2 49. Rxh4 Ra2 50. Kc4 Rxa6 51. Kxb4 Re6 52. e4 Kf6 53. d5 Rb6+ 54. Kc4 Kg5 55. Rh8 Rf6 56. Kc5 Rf1 57. b4 Rc1+ 58. Kb6 Kf4 59. b5 Kxe4 60. d6 Rd1 61. Kc7 Rc1+ 62. Kb7 Rd1 63. Rd8 Ke5 64. b6 Ke6 65. Ka7 Ra1+ 66. Kb7 Rc1 67. Rg8 Kxd6 68. Rxg6+ Kd7 69. h4 Rh1 70. Rh6 Rh2 71. Rh7+ Kd8 72. h5 Rh3 73. h6 Rh1 74. Kb8 Rh2 75. Ra7 Rxh6 76. b7 Rb6 77. Ka8 Rc6 78. b8=Q+ Rc8 79. Qxc8+ Kxc8 80. Ra1 1-0


[Site "https://www.chess.com"]

[Event "Titled Tuesday Blitz August 1 Late 2023"]
[White "vishwa_vijeta"]
[Black "D`Arruda, Ricardo D."]
[BlackFideId "100692"]
[WhiteElo "2567"]
[BlackElo "2453"]
[Result "1/2-1/2"]
[Round "5"]
[TimeControl "180+1"]
[Date "2023.08.01"]
[WhiteClock "0:00:11"]
[BlackClock "0:00:15"]
[Board "72"]

1. e4 c5 2. Nf3 Nc6 3. d4 cxd4 4. Nxd4 e5 5. Nb5 a6 6. c4 axb5 7. cxb5 Nd4 8. Nc3 Nf6 9. Bd3 Be7 10. O-O O-O 11. f4 d6 12. fxe5 dxe5 13. Bg5 h6 14. Bxf6 Bxf6 15. Nd5 Bg5 16. a4 Be6 17. Bc4 Rc8 18. b3 Kh8 19. Qd3 f5 20. Nc3 Bxc4 21. bxc4 Qc7 22. Nd5 Qxc4 23. Qh3 fxe4 24. Nb6 Ne2+ 25. Kh1 Ng3+ 26. hxg3 Rxf1+ 27. Kh2 Rxa1 28. Nxc4 Rxc4 29. Qf5 Rc7 30. Qxe5 Rac1 31. Qxe4 Re7 32. Qf5 Rcc7 33. b6 Rcd7 34. a5 Be3 35. Qf8+ Kh7 36. Qf5+ g6 37. Qf3 Bd2 38. Qa3 Re5 39. a6 Ra5 40. axb7 Rxa3 41. b8=Q Rb3 42. Qc8 Rg7 43. Qc6 Be3 44. Qe6 Rc3 45. Qe5 Ra3 46. Qd6 Rb3 47. Qe6 Rc3 48. Qe5 Rb3 49. Qe6 1/2-1/2


[Site "https://www.chess.com"]

[Event "Titled Tuesday Blitz August 1 Late 2023"]
[White "Adan Bermudez, Sergio"]
[Black "slidingknight2775"]
[WhiteFideId "2292726"]
[WhiteElo "2562"]
[BlackElo "2450"]
[Result "1-0"]
[Round "5"]
[TimeControl "180+1"]
[Date "2023.08.01"]
[WhiteClock "0:00:13"]
[BlackClock "0:00:08"]
[Board "73"]

1. c4 e6 2. Nc3 d5 3. e3 Nf6 4. Nf3 dxc4 5. Bxc4 a6 6. O-O b5 7. Bb3 Bb7 8. Qe2 c5 9. Rd1 Nbd7 10. d4 Qb6 11. a4 c4 12. Bc2 b4 13. a5 Qc7 14. Na4 Qxa5 15. e4 Be7 16. d5 Qc7 17. dxe6 fxe6 18. Ng5 Qc6 19. b3 h6 20. Nf3 e5 21. bxc4 O-O 22. c5 Nxc5 23. Nxe5 Qe6 24. Nxc5 Bxc5 25. Nd3 Qxe4 26. Qxe4 Nxe4 27. Nxc5 Nxc5 28. Be3 Rac8 29. Rdb1 a5 30. Rxa5 Be4 31. Bxc5 Bxc2 32. Rxb4 Rfe8 33. Be3 Bg6 34. h3 Bf7 35. Ra7 Ra8 36. Rab7 Bd5 37. Rd7 Rad8 38. Rc7 Rc8 39. Rd7 Rcd8 40. Rxd8 Rxd8 41. Rd4 Rd7 42. g4 Be6 43. Rf4 Rf7 44. Rb4 Bd5 45. Kh2 Bf3 46. Kg3 Kh7 47. h4 Bd5 48. f4 g6 49. Rb6 h5 50. f5 gxf5 51. g5 Rg7 52. Rh6+ Kg8 53. Bd4 Bf7 54. Bxg7 Kxg7 55. Kf4 Bg6 56. Ke5 Kf7 57. Rh8 Kg7 58. Ra8 Bf7 59. Ra7 Kg6 60. Ra6+ Kg7 61. Kxf5 Be8 62. Ra7+ Kg8 63. g6 Kf8 64. Kg5 Bd7 65. Kxh5 Kg8 66. Kg5 Bc6 67. h5 Be4 68. h6 Bxg6 69. Kxg6 1-0


[Site "https://www.chess.com"]

[Event "Titled Tuesday Blitz August 1 Late 2023"]
[White "Karamsetty, Jeevan"]
[Black "Harriott, Tyrell"]
[WhiteFideId "2025337"]
[BlackFideId "2086484"]
[WhiteElo "2560"]
[BlackElo "2445"]
[Result "0-1"]
[Round "5"]
[TimeControl "180+1"]
[Date "2023.08.01"]
[WhiteClock "0:00:08"]
[BlackClock "0:00:50"]
[Board "74"]

1. e4 d5 2. exd5 Nf6 3. d4 Qxd5 4. c4 Qe4+ 5. Ne2 e5 6. Nc3 Bb4 7. Bd2 Bxc3 8. Bxc3 exd4 9. Bxd4 Nc6 10. Bxf6 gxf6 11. Qb3 Nd4 12. Qg3 Nc2+ 13. Kd2 Nxa1 14. Qc3 Be6 15. b3 Rd8+ 16. Kc1 Bf5 17. Kb2 Qb1+ 18. Ka3 Nc2+ 19. Ka4 Qxa2+ 0-1


[Site "https://www.chess.com"]

[Event "Titled Tuesday Blitz August 1 Late 2023"]
[White "Geivondian, Arman"]
[Black "Zhukova, Natalia"]
[WhiteFideId "24102032"]
[BlackFideId "14101513"]
[WhiteElo "2557"]
[BlackElo "2442"]
[Result "1-0"]
[Round "5"]
[TimeControl "180+1"]
[Date "2023.08.01"]
[WhiteClock "0:00:56"]
[BlackClock "0:00:00"]
[Board "75"]

1. e4 e6 2. d4 d5 3. Nc3 Bb4 4. e5 c5 5. Bd2 Ne7 6. Qg4 Nf5 7. dxc5 Bxc5 8. Bd3 h5 9. Qh3 Nc6 10. Nf3 Nfd4 11. O-O-O Nxf3 12. Qxf3 Nxe5 13. Bb5+ Bd7 14. Qe2 Ng4 15. Nxd5 Nxf2 16. Bf4 Nxd1 17. Nc7+ Kf8 18. Rxd1 Qf6 19. Qc4 Bxb5 20. Qxc5+ Kg8 21. Bg5 Qf5 22. Qxf5 exf5 23. Nxb5 f6 24. Be3 Kh7 25. Rd7 a6 26. Nc7 b5 27. Nxa8 Rxa8 28. Bd4 Kg6 29. g3 h4 30. gxh4 Rh8 31. Bf2 f4 32. Kd2 Rh7 33. Ke2 Kf5 34. Kf3 1-0


[Site "https://www.chess.com"]

[Event "Titled Tuesday Blitz August 1 Late 2023"]
[White "Ambartsumova, Karina"]
[Black "Kirillov, Dmitry"]
[WhiteFideId "4166299"]
[BlackFideId "34180572"]
[WhiteElo "2554"]
[BlackElo "2440"]
[Result "1-0"]
[Round "5"]
[TimeControl "180+1"]
[Date "2023.08.01"]
[WhiteClock "0:00:38"]
[BlackClock "0:00:02"]
[Board "76"]

1. c4 e5 2. Nc3 Nf6 3. Nf3 Nc6 4. e3 d5 5. cxd5 Nxd5 6. Bb5 Nxc3 7. bxc3 Bd6 8. d4 exd4 9. cxd4 O-O 10. O-O Bg4 11. h3 Bh5 12. Be2 Ne7 13. Qb3 Nd5 14. Qxb7 Nc3 15. Bd3 Qf6 16. Kh1 Rab8 17. Qc6 Rb6 18. Qxc3 Bxf3 19. e4 Qh4 20. Kg1 Bb4 21. Qxc7 Rg6 22. Qh2 Bxg2 23. Qxg2 Qxh3 24. Bg5 Qxd3 25. Rad1 Qa3 26. f4 h6 27. Rf3 Qa5 28. Rg3 hxg5 29. f5 Rh6 30. Rxg5 g6 31. fxg6 Rxg6 32. Rxg6+ fxg6 33. Qxg6+ Kh8 34. Qh6+ Kg8 35. Qg6+ Kh8 36. Rd3 Rg8 37. Rh3+ Qh5 38. Rxh5# 1-0


[Site "https://www.chess.com"]

[Event "Titled Tuesday Blitz August 1 Late 2023"]
[White "Leebit02"]
[Black "Carrasco Miranda, Andres"]
[BlackFideId "3405990"]
[WhiteElo "2553"]
[BlackElo "2440"]
[Result "1-0"]
[Round "5"]
[TimeControl "180+1"]
[Date "2023.08.01"]
[WhiteClock "0:00:21"]
[BlackClock "0:00:00"]
[Board "77"]

1. e4 e5 2. Nc3 Nf6 3. d4 exd4 4. Qxd4 Nc6 5. Qd3 Bb4 6. Bd2 O-O 7. O-O-O Re8 8. Nge2 d6 9. Bg5 h6 10. Bxf6 Qxf6 11. Nd5 Qd8 12. Nxb4 Nxb4 13. Qd2 Nc6 14. Nc3 Be6 15. f4 f5 16. exf5 Bxf5 17. h3 Kh8 18. g4 Be6 19. Bg2 Qf6 20. Kb1 Rf8 21. Rhf1 Rab8 22. Ne4 Qh4 23. f5 Bg8 24. f6 Bh7 25. fxg7+ Kxg7 26. Qc3+ Kg8 27. Nf6+ Rxf6 28. Qxf6 Qxf6 29. Rxf6 Nb4 30. Rf2 Re8 31. Bf1 Re5 32. Bc4+ d5 33. Bb3 c5 34. a3 c4 35. Ba4 Na6 36. Bd7 Nc5 37. Bf5 Bxf5 38. Rxf5 Re2 39. Rdxd5 Ne4 40. Rd7 c3 41. bxc3 Nxc3+ 42. Kb2 Na4+ 43. Kb3 Nb6 44. Rd3 Re4 45. Rc5 a5 46. Rxa5 Nc4 47. Rc5 b5 48. Rxb5 Ne5 49. Rc3 Kf7 50. a4 Kf6 51. a5 1-0


[Site "https://www.chess.com"]

[Event "Titled Tuesday Blitz August 1 Late 2023"]
[White "Gabdushev, Ruslan"]
[Black "Graif, William"]
[WhiteFideId "4137833"]
[BlackFideId "2609835"]
[WhiteElo "2440"]
[BlackElo "2552"]
[Result "1-0"]
[Round "5"]
[TimeControl "180+1"]
[Date "2023.08.01"]
[WhiteClock "0:00:23"]
[BlackClock "0:00:00"]
[Board "78"]

1. g3 e5 2. Bg2 Nc6 3. c3 Qf6 4. d3 Bc5 5. Nf3 a5 6. O-O d6 7. Be3 Bxe3 8. fxe3 Qh6 9. Qc1 Nf6 10. Na3 Bd7 11. e4 Qxc1 12. Raxc1 O-O 13. h3 Be6 14. Nb5 Rfc8 15. c4 Nb4 16. a3 Na6 17. g4 Ne8 18. e3 c6 19. Nc3 Nc5 20. Rcd1 Nb3 21. Ng5 c5 22. Nd5 Bxd5 23. exd5 Nf6 24. Nf3 e4 25. Nh4 exd3 26. Rxd3 a4 27. Nf5 Rd8 28. Bf3 Ra6 29. Bd1 Rb6 30. Bxb3 axb3 31. g5 Nd7 32. e4 Ne5 33. Rc3 Ra8 34. Ne3 Ra4 35. Kf2 Rba6 36. Kg3 Ra7 37. h4 b6 38. h5 Re7 39. Kf4 Nd7 40. Nf5 Re8 41. Nxd6 Re7 42. Nf5 Re8 43. Re1 Ne5 44. Nd6 Re7 45. Nc8 Re8 46. Nxb6 Ra6 47. Nc8 f6 48. gxf6 gxf6 49. Rg3+ Kf7 50. Reg1 Rxc8 51. Rg7+ Ke8 52. Rxh7 Nf7 53. Rgg7 Rc7 54. Rh8+ Nxh8 55. Rxc7 Nf7 56. Kf5 Nd6+ 57. Kg6 Nxc4 58. h6 1-0


[Site "https://www.chess.com"]

[Event "Titled Tuesday Blitz August 1 Late 2023"]
[White "Shapiro, Viktor"]
[Black "Herman, Daniel"]
[WhiteFideId "4175700"]
[BlackFideId "30935008"]
[WhiteElo "2550"]
[BlackElo "2438"]
[Result "1-0"]
[Round "5"]
[TimeControl "180+1"]
[Date "2023.08.01"]
[WhiteClock "0:02:02"]
[BlackClock "0:01:27"]
[Board "79"]

1. c4 e6 2. Nc3 d5 3. d4 Be7 4. Nf3 Nf6 5. Bf4 O-O 6. e3 b6 7. cxd5 Nxd5 8. Bg3 Bb7 9. Bd3 Nd7 10. O-O c5 11. Ne4 cxd4 12. exd4 N7f6 13. a3 Nxe4 14. Bxe4 Rc8 15. Re1 Bd6 16. Ne5 f5 17. Bd3 f4 18. Qh5 Nf6 19. Qh3 fxg3 20. Bxh7+ Nxh7 21. Qxe6+ Kh8 22. Ng6# 1-0


[Site "https://www.chess.com"]